 Dungeon Crawl Stone Soup version 0.31.0-9-g3a7656b989 (webtiles) character file.

Game seed: 3343723245010123468

1635 qw the Skirmisher (level 8, -3/40 HPs)
             Began as a Spriggan Hunter on Feb 2, 2024.
             Was a Follower of Okawaru.
             Slain by a boulder beetle (15 damage)
             ... on level 7 of the Dungeon.
             The game lasted 00:00:25 (5994 turns).

qw the Skirmisher (Spriggan Hunter)                 Turns: 5994, Time: 00:00:26

Health: -3/40      AC:  2    Str:  7    XL:     8   Next: 66%
Magic:  9/10       EV: 30    Int: 10    God:    Okawaru [*.....]
Gold:   405        SH:  0    Dex: 21    Spells: 7/7 levels left

rFire   . . .        a - +2 shortbow
rCold   . . .        (shield currently unavailable)
rNeg    . . .        c - +0 robe
rPois   .            (helmet restricted)
rElec   .            (no cloak)
rCorr   .            (gloves unavailable)
SInv    +            (boots unavailable)
Will    +....        (no amulet)
Stlth   ++++         (no ring)
HPRegen 0.26/turn    (no ring)
MPRegen 0.12/turn

%: no passive effects
@: heroic, very quick
A: very small, no large weapons, unfitting armour, see invisible, speed 3
a: Renounce Religion, Heroism


You were on level 7 of the Dungeon.
You worshipped Okawaru.
Okawaru was aware of your devotion.
You visited 2 branches of the dungeon, and saw 8 of its levels.

You collected 405 gold pieces.


Innate Abilities, Weirdness & Mutations

You are very small and have problems with some larger weapons.
You are too small for most types of armour.
You have supernaturally acute eyesight. (SInv)
You cover ground extremely quickly. (Speed+++)


   Skills:
 - Level 3.0(8.0) Fighting
 + Level 9.0(14.0) Ranged Weapons
 - Level 9.0(14.0) Dodging
 - Level 1.5(6.5) Stealth
 + Level 1.6 Invocations


You had 7 spell levels left.
You didn't know any spells.
Your spell library was empty.

Inventory:

Hand Weapons
 a - a +2 shortbow (weapon)
Armour
 c - a +0 robe (worn)
Jewellery
 m - a ring of ice
Wands
 e - a wand of digging (4)
 l - a wand of roots (17)
Scrolls
 f - 2 scrolls of identify
 g - a scroll of teleportation
Potions
 b - a potion of mutation
 d - 3 potions of heal wounds
 h - a potion of might
 i - 2 potions of curing
 j - 3 potions of enlightenment

Dungeon Overview and Level Annotations

Branches:
Dungeon (7/15)             Temple (1/1) D:5

Altars:
Ashenzari
Dithmenos
Gozag
Kikubaaqudgha
Makhleb
Nemelex Xobeh
Okawaru
Qazlal
Ru
Uskayaw
Vehumet
Xom
Zin

Shops:
D:5 [


Message History

A boulder beetle comes into view.
Found 4 stones.
5983 ||| INVOKING Heroism.
You gain the combat prowess of a mighty hero.
You shoot an arrow.
The arrow hits the boulder beetle but does no damage.
You shoot an arrow.
The arrow hits the boulder beetle but does no damage.
You shoot an arrow. The arrow hits the boulder beetle.
The boulder beetle is lightly wounded.
An ice beast comes into view.
You shoot an arrow.
The arrow hits the ice beast but does no damage.
The ice beast completely misses you.
You shoot an arrow.
The arrow hits the boulder beetle but does no damage.
The boulder beetle is lightly wounded.
You shoot an arrow.
The arrow hits the boulder beetle but does no damage.
The boulder beetle is lightly wounded.
The ice beast completely misses you. The boulder beetle misses you.
You shoot an arrow. The arrow hits the boulder beetle!
The boulder beetle is lightly wounded.
The ice beast hits you. The ice beast freezes you!
The boulder beetle bites you!
You shoot an arrow. The arrow hits the boulder beetle.
The boulder beetle is lightly wounded.
You shoot an arrow.
The arrow hits the boulder beetle but does no damage.
The boulder beetle is lightly wounded.
The ice beast completely misses you.
The boulder beetle completely misses you.
You shoot an arrow.
The arrow hits the boulder beetle but does no damage.
The boulder beetle is lightly wounded.
The ice beast completely misses you. The boulder beetle misses you.
You shoot an arrow.
The arrow hits the boulder beetle but does no damage.
The boulder beetle is lightly wounded.
The ice beast hits you. The ice beast freezes you.
The boulder beetle bites you!
You die...

......##.......#
......##.......#
.#.##
########.......#
....# #######.#
....# #.# ....#
#.# ....# #.#
....#
#.##B...###
#..@<......
####Y#.#### ...
.### .# .. (. .#


You could see a boulder beetle and an ice beast.

Vanquished Creatures
  2 black bears (D:5)
  3 ogres
  A centaur (D:7)
  A phantom (D:6)
  2 scorpions (D:5)
  A jelly (D:5)
  5 wights (D:7)
  An orc priest (D:3)
  2 hounds
  3 bombardier beetles
  2 sleepcaps
  3 iguanas
  Robin (D:4)
  4 gnolls (D:5)
  13 adders
  2 ufetubi (D:7)
  A ribbon worm (D:2)
  9 orcs
  8 ball pythons
  10 endoplasms
  2 giant cockroaches
  19 goblins
  9 hobgoblins
  8 jackals
  A quokka (D:3)
  3 bats
  4 frilled lizards
  10 kobolds
  3 rats
133 creatures vanquished.

Notes
Turn   | Place    | Note
-------+----------+-------------------------------------------
     0 | D:1      | qw the Spriggan Hunter began the quest for the Orb.
     0 | D:1      | Reached XP level 1. HP: 10/10 MP: 2/2
     0 | D:1      | 0 ||| qw: Version: 0.3-a-155-g5e7d8dd
     0 | D:1      | 0 ||| qw: Game counter: 1836
     0 | D:1      | 0 ||| qw: Melee chars always use a shield: true
     0 | D:1      | 0 ||| qw: God list: Okawaru
     0 | D:1      | 0 ||| qw: Allow faded altars: false
     0 | D:1      | 0 ||| qw: Do Orc after clearing Dungeon:15 true
     0 | D:1      | 0 ||| qw: Do second Lair branch before Depths: true
     0 | D:1      | 0 ||| qw: Lair rune preference: random
     0 | D:1      | 0 ||| qw: Goals: Normal
     0 | D:1      | 0 ||| PLANNING D:1-11
    36 | D:1      | Reached skill level 3 in Dodging
    91 | D:1      | Reached XP level 2. HP: 14/14 MP: 3/3
   638 | D:1      | 638 ||| READING scroll labelled BYCYOXTILO.
   639 | D:1      | 639 ||| READING scroll labelled KATWAM UKHLEI.
   639 | D:1      | 639 ||| ENCHANTING +0 shortbow.
   640 | D:1      | 640 ||| DRINKING 3 blue potions.
   641 | D:1      | 641 ||| DROPPING scroll of butterflies.
   751 | D:2      | Reached XP level 3. HP: 18/18 MP: 4/4
  1298 | D:2      | Reached XP level 4. HP: 22/22 MP: 5/5
  1733 | D:3      | 1733 ||| STAIRDANCE
  1912 | D:3      | Found a stormy altar of Qazlal.
  1992 | D:3      | Reached XP level 5. HP: 26/26 MP: 6/6
  2184 | D:3      | Found a broken altar of Ashenzari.
  2198 | D:3      | 2198 ||| FLEEEEING.
  2199 | D:3      | 2199 ||| FLEEEEING.
  2200 | D:3      | 2200 ||| FLEEEEING.
  2202 | D:3      | 2202 ||| FLEEEEING.
  2203 | D:3      | 2203 ||| FLEEEEING.
  2204 | D:3      | 2204 ||| FLEEEEING.
  2205 | D:3      | 2205 ||| FLEEEEING.
  2206 | D:3      | 2206 ||| FLEEEEING.
  2207 | D:3      | 2207 ||| FLEEEEING.
  2208 | D:3      | 2208 ||| FLEEEEING.
  2209 | D:3      | 2209 ||| FLEEEEING.
  2210 | D:3      | 2210 ||| FLEEEEING.
  2211 | D:3      | 2211 ||| FLEEEEING.
  2212 | D:3      | 2212 ||| FLEEEEING.
  2213 | D:3      | 2213 ||| FLEEEEING.
  2214 | D:3      | 2214 ||| FLEEEEING.
  2215 | D:3      | 2215 ||| FLEEEEING.
  2216 | D:3      | 2216 ||| FLEEEEING.
  2217 | D:3      | 2217 ||| FLEEEEING.
  2218 | D:3      | 2218 ||| FLEEEEING.
  2219 | D:3      | 2219 ||| FLEEEEING.
  2220 | D:3      | 2220 ||| FLEEEEING.
  2223 | D:3      | 2223 ||| FLEEEEING.
  2226 | D:3      | 2226 ||| FLEEEEING.
  2227 | D:3      | 2227 ||| FLEEEEING.
  2228 | D:3      | 2228 ||| FLEEEEING.
  2229 | D:3      | 2229 ||| FLEEEEING.
  2231 | D:3      | 2231 ||| FLEEEEING.
  2232 | D:3      | 2232 ||| FLEEEEING.
  2234 | D:3      | 2234 ||| FLEEEEING.
  2235 | D:3      | 2235 ||| FLEEEEING.
  2236 | D:3      | 2236 ||| FLEEEEING.
  2237 | D:3      | 2237 ||| FLEEEEING.
  2238 | D:3      | 2238 ||| FLEEEEING.
  2482 | D:3      | 2482 ||| FLEEEEING.
  2671 | D:3      | 2671 ||| READING scroll labelled KEARPH QUUL.
  2672 | D:3      | 2672 ||| READING 2 scrolls labelled OVEMARGH JONTAOTSA.
  2672 | D:3      | 2672 ||| IDENTIFYING yellow potion
  2673 | D:3      | 2673 ||| READING scroll of identify.
  2673 | D:3      | 2673 ||| IDENTIFYING red potion
  2674 | D:3      | 2674 ||| DRINKING 2 viscous puce potions.
  2675 | D:3      | 2675 ||| DRINKING 2 green potions.
  2676 | D:3      | 2676 ||| DROPPING potion of brilliance.
  2677 | D:3      | 2677 ||| DROPPING potion of berserk rage.
  2844 | D:4      | Noticed Robin
  2868 | D:4      | Killed Robin
  3090 | D:4      | Reached skill level 6 in Ranged Weapons
  3245 | D:4      | Reached XP level 6. HP: 30/30 MP: 7/7
  3259 | D:4      | Reached skill level 6 in Dodging
  3757 | D:4      | 3757 ||| READING scroll labelled KOFFON FIEWN.
  3758 | D:4      | 3758 ||| READING scroll labelled MUIDUL VECEO.
  3759 | D:4      | 3759 ||| DRINKING 2 white potions.
  3761 | D:4      | 3761 ||| Stepping ~*~*~tactically~*~*~ (cloud).
  3850 | D:5      | Entered Level 5 of the Dungeon
  3875 | D:5      | Reached XP level 7. HP: 10/35 MP: 8/8
  4374 | D:5      | Found a staircase to the Ecumenical Temple.
  4375 | D:5      | 4375 ||| PLANNING TEMPLE
  4375 | D:5      | 4375 ||| READING scroll of identify.
  4375 | D:5      | 4375 ||| IDENTIFYING puce potion
  4376 | D:5      | 4376 ||| READING scroll labelled GOMUEM SOSHRUFF.
  4376 | D:5      | 4376 ||| ENCHANTING +0 shortbow.
  4377 | D:5      | 4377 ||| READING scroll labelled XYUFYMA ODEA.
  4475 | Temple   | Entered the Ecumenical Temple
  4476 | Temple   | 4476 ||| PLANNING OKAWARU WORSHIP
  4485 | Temple   | Became a worshipper of Warmaster Okawaru
  4486 | Temple   | 4486 ||| PLANNING D:1-11
  4646 | D:5      | Found Aloangat's Antique Armour Boutique.
  4676 | D:5      | HP: 7/35 [iguana (6)]
  4677 | D:5      | 4677 ||| DRINKING 3 potions of heal wounds.
  4679 | D:5      | Reached XP level 8. HP: 31/39 MP: 9/9
  4682 | D:5      | Reached skill level 3 in Fighting
  4935 | D:5      | 4935 ||| READING scroll of identify.
  4935 | D:5      | 4935 ||| IDENTIFYING scroll labelled EWKUDE ZIESK
  4994 | D:6      | Found a sacrificial altar of Ru.
  5003 | D:6      | 5003 ||| READING scroll of enchant weapon.
  5003 | D:6      | 5003 ||| ENCHANTING +1 shortbow.
  5661 | D:6      | 5661 ||| READING 2 scrolls of identify.
  5661 | D:6      | 5661 ||| IDENTIFYING cyan potion
  5662 | D:6      | 5662 ||| READING scroll of identify.
  5662 | D:6      | 5662 ||| IDENTIFYING scroll labelled ANES IHOLEAROU
  5663 | D:6      | 5663 ||| DROPPING scroll of blinking.
  5664 | D:6      | 5664 ||| DROPPING potion of degeneration.
  5709 | D:7      | 5709 ||| FLEEEEING.
  5710 | D:7      | 5710 ||| FLEEEEING.
  5711 | D:7      | 5711 ||| FLEEEEING.
  5712 | D:7      | 5712 ||| FLEEEEING.
  5713 | D:7      | 5713 ||| FLEEEEING.
  5714 | D:7      | 5714 ||| FLEEEEING.
  5715 | D:7      | 5715 ||| FLEEEEING.
  5716 | D:7      | 5716 ||| STAIRDANCE
  5782 | D:7      | Reached skill level 9 in Ranged Weapons
  5846 | D:7      | Reached * piety under Okawaru
  5904 | D:7      | Reached skill level 9 in Dodging
  5904 | D:7      | Reached skill level 1 in Invocations
  5982 | D:7      | Noticed a boulder beetle
  5983 | D:7      | 5983 ||| INVOKING Heroism.
  5994 | D:7      | Slain by a boulder beetle

Levels and vault maps discovered:
D:1:      minmay_arrival_plants_in_alcoves, layout_basic
D:2:      minmay_door_path, layout_basic
D:3:      layout_basic, mainiacjoe_overflow_cross_hatched,
          mainiacjoe_overflow_24_doors
D:4:      layout_gridville, minmay_manual_mess, uniq_robin
D:5:      layout_gridville, minmay_temple_entry_statues_fountains,
          minmay_shop_grid_forest, nicolae_letterblocks
          [nicolae_letter_subblock, nicolae_letter_subblock,
          nicolae_letter_subblock, nicolae_letter_subblock,
          nicolae_letter_subblock, nicolae_letter_subblock,
          nicolae_letter_subblock, nicolae_letter_subblock,
          nicolae_letter_subblock, nicolae_letter_subblock,
          nicolae_letter_subblock, nicolae_letter_subblock,
          nicolae_letter_subblock, nicolae_letter_subblock,
          nicolae_letter_subblock, nicolae_letter_subblock,
          nicolae_letter_subblock, nicolae_letter_subblock,
          nicolae_letter_subblock, nicolae_letter_subblock,
          nicolae_letter_subblock, nicolae_letter_subblock,
          nicolae_letter_subblock, nicolae_letter_subblock,
          nicolae_letter_subblock]
D:6:      layout_basic, nicolae_ru_awakened_eye
D:7:      layout_basic, mainiacjoe_overflow_brackets
Temple:   nicolae_temple_two_arcs

Skill      XL: |  1  2  3  4  5  6  7  8 |
---------------+-------------------------+-----
Dodging        | 3 4 5 6 8 9 |  9.0
Ranged Weapons | 5 6 7 8 9 |  9.0
Fighting       | 2 3 |  3.0
Invocations    | 1 |  1.6
Stealth        | |  1.5

Action                     |  1- 3 |  4- 6 |  7- 9 || total
---------------------------+-------+-------+-------++-------
   Fire: Shortbow          |    95 |   228 |   208 ||   531
 Invoke: Heroism           |       |       |     1 ||     1
    Use: Scroll            |     2 |     5 |     7 ||    14
         Potion            |     1 |     3 |     1 ||     5
 Armour: Robe              |     6 |    49 |    30 ||    85
  Dodge: Dodged            |    25 |   148 |   112 ||   285

Table legend:
 A = Non-vault XP
 B = Vault XP
 C = Vault XP percentage of total XP
 D = Non-vault monster count
 E = Vault monster count
 F = Vault count percentage of total count
                 A         B        C        D         E       F
            +---------+---------+-------+---------+---------+-------
      Total |    2181 |     155 |   6.6 |     109 |      24 |  18.0
            +---------+---------+-------+---------+---------+-------
        D:1 |      36 |       0 |   0.0 |      22 |       0 |   0.0
        D:2 |      42 |      32 |  43.2 |      16 |       5 |  23.8
        D:3 |     153 |       0 |   0.0 |      18 |       0 |   0.0
        D:4 |     273 |     123 |  31.1 |      19 |      19 |  50.0
        D:5 |     920 |       0 |   0.0 |      19 |       0 |   0.0
        D:6 |     253 |       0 |   0.0 |       7 |       0 |   0.0
        D:7 |     504 |       0 |   0.0 |       8 |       0 |   0.0
            +---------+---------+-------+---------+---------+-------
